 Dungeon Crawl Stone Soup version 0.27-a0-1149-g4505690ab0 (webtiles) character file.

Game seed: 14923931053844911902

95 1player the Chiller (level 4, 0/30 HPs)
             Began as a Merfolk Ice Elementalist on May 13, 2021.
             Succumbed to an adder's poison
             ... in a sewer.
             The game lasted 00:10:25 (3195 turns).

1player the Chiller (Merfolk Ice Elementalist)      Turns: 3195, Time: 00:10:26

Health: 0/30       AC:  2    Str:  8    XL:     4   Next: 65%
Magic:  2/7        EV: 15    Int: 15    God:
Gold:   97         SH:  0    Dex: 14    Spells: 0/7 levels left

rFire    . . .     SeeInvis .   h - +0 trident
rCold    . . .     Faith    .   (no shield)
rNeg     . . .     Spirit   .   a - +0 robe
rPois    .         Reflect  .   (no helmet)
rElec    .         Harm     .   (no cloak)
rCorr    .         Rampage  .   (no gloves)
Will     .....                  (boots currently unavailable)
Stlth    +++.......             (no amulet)
HPRegen  0.10/turn              (no ring)
MPRegen  0.10/turn              (no ring)

@: lethally poisoned (0 -> -1), very quick
A: nimble swimmer 2, mertail
a: no special abilities


You were in a sewer.
You visited 1 branch of the dungeon, and saw 3 of its levels.
You also visited: Sewer.

You collected 97 gold pieces.

Inventory:

Hand Weapons
 e - a +1 dagger
 h - a +0 trident (weapon)
Missiles
 j - 2 boomerangs
Armour
 a - a +0 robe (worn)
Scrolls
 f - a scroll of enchant weapon


   Skills:
 + Level 3.0 Polearms
 - Level 2.6 Dodging
 - Level 2.1 Stealth
 - Level 2.0 Spellcasting
 - Level 6.0 Ice Magic


You couldn't memorise any spells.
You knew the following spells:

 Your Spells              Type           Power      Damage    Failure   Level
a - Ozocubu's Armour      Ice            19%        N/A       5%          3
q - Freeze                Ice            76%        1d9       1%          1
z - Frozen Ramparts       Ice            38%        1d5       5%          3

Your spell library contained the following spells:

 Spells                   Type           Power      Damage    Failure   Level
 Magic Dart               Conj           4%         1d3       22%         1
 Blink                    Tloc           N/A        N/A       32%         2
 Call Imp                 Summ           1%         N/A       32%         2
 Slow                     Hex            1%         N/A       32%         2
 Conjure Flame            Conj/Fire      1%         6-21      54%         3
 Mephitic Cloud           Conj/Pois/Air  1%         N/A       54%         3
 Hailstorm                Conj/Ice       10%        3d5       54%         4
 Metabolic Englaciation   Hex/Ice        5%         N/A       87%         5


Dungeon Overview and Level Annotations

Branches:
Dungeon (3/15)              Sewer (1/1)

Altars:
Ashenzari
Vehumet
Yredelemnul

Annotations:
D:2 Natasha


Innate Abilities, Weirdness & Mutations

You are quick and stealthy near water. (Stealth+, EV+, Speed+++)
Your lower body shifts to a powerful aquatic tail in water.


Message History

* * * LOW HITPOINT WARNING * * *
You aren't carrying any potions.
Unknown command.
You aren't carrying any potions.
Unknown command.
Okay, then.
Unknown command.
Unknown command.
Casting: Freeze (safe; 1% risk of failure)
Confirm with . or Enter, or press ? or * to list all spells.
Aiming: Freeze (safe; 1% risk of failure)
Press: ? - help, Shift-Dir - straight line, f - adder
Aim: an adder (almost dead, slow)
You freeze the adder.
You kill the adder!
* * * LOW HITPOINT WARNING * * *
You feel sick. The kobold misses you.
Your Polearms skill increases to level 3!
Casting: Freeze (safe; 1% risk of failure)
Confirm with . or Enter, or press ? or * to list all spells.
Aiming: Freeze (safe; 1% risk of failure)
Press: ? - help, Shift-Dir - straight line, f - kobold
Aim: a kobold, wielding a +0 whip You freeze the kobold!
You kill the kobold!
* * * LOW HITPOINT WARNING * * *
You feel sick.
There is a lethal amount of poison in your body!
You aren't carrying any potions.
Unknown command.
Unknown command.
Unknown command.
Blink to where?
Press: ? - help, Dir - move target Floosh!
As you read the scroll labelled MOUCOIKA MYETT, it crumbles to dust.
It was a scroll of blinking.
* * * LOW HITPOINT WARNING * * *
You feel sick.
You die...

#### ####### ##≈# ##
###≈#≈##≈≈≈≈≈##≈≈≈≈ #≈
##≈≈≈≈≈≈≈≈≈≈≈≈≈≈≈≈≈≈ #≈
##≈≈≈≈≈≈≈≈≈≈@≈≈≈≈≈≈≈≈ #
#≈ ##≈≈≈≈≈≈≈≈≈≈≈≈≈≈≈≈≈≈≈
#P #≈
#≈≈≈≈≈≈≈≈≈≈≈≈≈≈≈≈≈≈≈≈
#P.#≈
#≈≈≈≈≈≈≈≈≈≈≈≈≈≈≈########
#.P.
#≈≈≈≈≈≈≈≈≈≈≈≈≈..≈≈≈≈≈≈≈#
###.
≈≈≈≈≈.≈§≈≈≈≈≈≈..########
## ≈≈≈≈.≈))≈≈≈≈≈≈≈≈## ≈≈
≈≈≈..∩.≈≈≈≈≈≈≈≈.≈# ##
≈≈≈≈≈...≈≈≈≈≈≈.≈.###


There were no monsters in sight!

Vanquished Creatures
  3 adders
  A river rat (D:3)
  A worm (D:2)
  6 endoplasms
  4 giant cockroaches
  2 goblins (D:2)
  3 hobgoblins
  4 jackals
  9 kobolds
  A quokka (D:2)
  9 ball pythons
  A bat (D:1)
  5 frilled lizards
  4 rats
53 creatures vanquished.

Vanquished Creatures (others)
  8 plants (Sewer)
8 creatures vanquished.

Grand Total: 61 creatures vanquished

Notes
Turn   | Place    | Note
-------+----------+-------------------------------------------
     0 | D:1      | 1player the Merfolk Ice Elementalist began the quest for
                  | the Orb.
     0 | D:1      | Reached XP level 1. HP: 13/13 MP: 3/3
   469 | D:1      | Found a faded altar of an unknown god.
   666 | D:1      | Reached XP level 2. HP: 19/19 MP: 3/5
   877 | D:1      | Reached skill level 5 in Ice Magic
  1464 | D:2      | Found a radiant altar of Vehumet.
  1642 | D:2      | Reached XP level 3. HP: 22/24 MP: 1/6
  1890 | D:2      | Noticed Natasha
  2771 | D:3      | Learned a level 3 spell: Frozen Ramparts
  2781 | D:3      | Found a basalt altar of Yredelemnul.
  2815 | D:3      | Found a broken altar of Ashenzari.
  2839 | D:3      | Reached skill level 6 in Ice Magic
  2839 | D:3      | Reached skill level 1 in Polearms
  2839 | D:3      | Reached XP level 4. HP: 17/30 MP: 1/7
  2910 | D:3      | Found a glowing drain.
  2914 | Sewer    | Entered a sewer
  3022 | Sewer    | Learned a level 3 spell: Ozocubu's Armour
  3194 | Sewer    | HP: 1/30 [poisoned by an adder]
  3195 | Sewer    | Succumbed to an adder's poison

Illustrated notes

Levels and vault maps discovered:
D:1:      scummos_arrival_simple_crosswalls, layout_rooms,
          hellmonk_ecumenical_altar_zigzags, serial_curves, eino_curves_04,
          eino_curves_04, eino_curves_03, minmay_misc_feat_pillars
D:2:      layout_loops_corners, basic_altar, roderic_roman_lattice,
          grunt_decor_junction, uniq_natasha
D:3:      layout_loops_corners, yredelemnul_altar_generic,
          nicolae_ashenzari_skybound, gup_sewer_entry_bowl,
          minmay_increasing_density
Sewer:    sewer_co_scattered_pipes

Skill      XL: |  1  2  3  4 |
---------------+-------------+-----
Ice Magic      | 5 6 |  6.0
Polearms       | 1 3 |  3.0
Dodging        | |  2.6
Stealth        | |  2.1
Spellcasting   | |  2.0

Action                   |  1- 3 |  4- 6 || total
-------------------------+-------+-------++-------
Melee: Unarmed           |     4 |       ||     4
       Dagger            |    14 |       ||    14
       Trident           |    23 |    26 ||    49
       Tailslap          |       |     2 ||     2
 Cast: Freeze            |    48 |    10 ||    58
  Use: Scroll            |     5 |     1 ||     6
 Stab: Sleeping          |     5 |     2 ||     7
       Distracted        |     1 |       ||     1
Armor: Robe              |    10 |       ||    10
Dodge: Dodged            |    36 |    16 ||    52

Table legend: (Time is in decaauts)
 A = Elapsed time spent in this place.
 B = Non-inter-level travel time spent in this place.
 C = Inter-level travel time spent in this place.
 D = Time resting spent in this place.
 E = Time spent auto-exploring this place.
 F = Levels seen in this place.
 G = Mean time per level.
                   A        B        C        D        E       F      G
               +--------+--------+--------+--------+--------+-----+--------+
         Total |   3167 |   3167 |      0 |   1015 |   1323 |   4 |  791.8 |
       Dungeon |   2917 |   2917 |      0 |    943 |   1289 |   3 |  972.3 |
         Sewer |    249 |    249 |      0 |     72 |     34 |   1 |  249.0 |
               +--------+--------+--------+--------+--------+-----+--------+

Top non-repeatable levels by time:
     D:1: 1433 daAuts
     D:2: 1277 daAuts
   Sewer: 249 daAuts
     D:3: 206 daAuts
